 Dungeon Crawl Stone Soup version 0.30-a0-772-g5528072125 (webtiles) character file.

Game seed: 11380306680489362034

8075 bande the Cleaver (level 11, -3/68 HPs)
             Began as a Gargoyle Fighter on Feb 13, 2023.
             Was a Priest of Okawaru.
             Slain by a cyclops (7 damage)
             ... on level 9 of the Dungeon.
             The game lasted 00:17:03 (9613 turns).

bande the Cleaver (Gargoyle Fighter)                Turns: 9613, Time: 00:17:03

Health: -3/68      AC: 28    Str: 20    XL:     11   Next: 25%
Magic:  13/13      EV:  6    Int:  9    God:    Okawaru [***...]
Gold:   585        SH:  0    Dex: 16    Spells: 10/10 levels left

rFire   + . .      SeeInvis .    C - +10 executioner's axe "Hompaf" {freeze, Dex+3 Stlth+}
rCold   + . .      Faith    .    (shield currently unavailable)
rNeg    + . .      Spirit   .    F - +0 plate armour
rPois   ∞          Reflect  .    (helmet restricted)
rElec   +          Harm     .    i - +0 cloak
rCorr   .          Rampage  .    s - +1 pair of gloves
Will    .....                    B - +2 pair of boots Stlth
                                 (no amulet)
HPRegen 0.31/turn                j - ring of protection from cold
MPRegen 0.13/turn                D - ring of protection from fire

@: flying
A: sickness immunity, AC +8, negative energy resistance 1, electricity
resistance, torment resistance 1, petrification resistance, antennae 2, big
wings
a: Renounce Religion, Heroism


You were on level 9 of the Dungeon.
You worshipped Okawaru.
Okawaru was most pleased with you.
You visited 2 branches of the dungeon, and saw 10 of its levels.
You also visited: Ossuary.

You collected 585 gold pieces.

Inventory:

Hand Weapons
 a - a +1 war axe of protection
 l - a +3 heavy hammer
 z - a +0 war axe
 C - the +10 executioner's axe "Hompaf" (weapon) {freeze, Dex+3 Stlth+}
   (You acquired it on level 7 of the Dungeon)

   Dex:       It affects your dexterity (+3).
   Stlth:     It makes you more stealthy.
Armour
 c - a +0 buckler
 i - a +0 cloak (worn)
 s - a +1 pair of gloves (worn)
 B - a +2 pair of boots (worn)
 F - a +0 plate armour (worn)
Jewellery
 j - a ring of protection from cold (left hand)
 m - an amulet of the acrobat
 v - a +6 ring of intelligence
 D - a ring of protection from fire (right hand)
Wands
 g - a wand of roots (4)
 h - a wand of flame (20)
 A - a wand of digging (6)
Scrolls
 b - 2 scrolls of magic mapping
 d - 5 scrolls of enchant weapon
 f - 4 scrolls of fear
 k - 2 scrolls of fog
 u - 3 scrolls of teleportation
 w - a scroll of enchant armour
 y - 2 scrolls of blinking
 E - a scroll of identify
 G - a scroll of brand weapon
Potions
 e - a potion of invisibility
 n - 3 potions of flight
 o - 2 potions of heal wounds
 p - 7 potions of curing
 q - 2 potions of magic
 r - 2 potions of might
 t - 2 potions of berserk rage
 x - 2 potions of haste


   Skills:
 + Level 7.8 Fighting
 + Level 11.1 Axes
 + Level 7.1 Armour
 - Level 0.3 Stealth
 + Level 6.0 Shields
 * Level 3.7 Invocations
 * Level 5.8 Evocations


You had 10 spell levels left.
You didn't know any spells.
Your spell library contained the following spells:

 Spells                   Type           Power      Damage    Failure   Level
 Beastly Appendage        Tmut           0%         N/A       100%        1
 Necrotise                Necr           0%         1d4       100%        1
 Sting                    Tmut/Pois      0%         1d3       100%        1
 Ensorcelled Hibernation  Hex/Ice        0%         N/A       100%        2
 Poisonous Vapours        Pois/Air       0%         N/A       100%        2
 Wereblood                Tmut           0%         N/A       100%        2
 Ignite Poison            Fire/Tmut/Pois 0%         N/A       100%        3
 Spider Form              Tmut/Pois      0%         N/A       100%        3
 Vampiric Draining        Necr           0%         2d6       100%        3
 Anguish                  Hex/Necr       0%         N/A       100%        4
 Olgreb's Toxic Radiance  Pois           0%         N/A       100%        4
 Agony                    Necr           0%         N/A       100%        5
 Storm Form               Tmut/Air       0%         N/A       100%        7


Dungeon Overview and Level Annotations

Branches:
Dungeon (9/15)             Temple (1/1) D:5            Lair (0/5) D:9
Ossuary (visited)
    Orc: D:9-12

Altars:
Ashenzari
Dithmenos
Elyvilon
Fedhas
Gozag
Hepliaklqana
Kikubaaqudgha
Nemelex Xobeh
Okawaru
Qazlal
Ru
Sif Muna
Trog
Uskayaw
Vehumet
Yredelemnul
The Shining One

Shops:
D:1 ?   D:7 *

Annotations:
D:5 2 transporters, demibob's ghost, novice DsGl


Innate Abilities, Weirdness & Mutations

You are immune to sickness and miasma.
Your stone body is resilient. (AC +8)
You are immune to poison.
You resist negative energy. (rN+)
You are resistant to electric shocks. (rElec)
You are resistant to unholy torment.
You are immune to petrification.
You have a pair of antennae on your head.
Your large and strong wings let you fly.


Message History

You slice the yak!! You freeze the yak.
The yak is almost dead.
The yak gores you!
You are too injured to fight recklessly!
You are too injured to fight recklessly!
You are too injured to fight recklessly!
You are too injured to fight recklessly!
You are too injured to fight recklessly!
You are too injured to fight recklessly!
You are too injured to fight recklessly!
You are too injured to fight recklessly!
You are too injured to fight recklessly!
You slash the yak! You freeze the yak.
You kill the yak!
Okawaru accepts your kill.
The cyclops throws a large rock.
The large rock hits you!
* * * LOW HITPOINT WARNING * * *
You slash the steam dragon! You freeze the steam dragon!
The steam dragon is severely wounded.
The steam dragon breathes steam at you. The ball of steam hits you. You resist.
* * * LOW HITPOINT WARNING * * *
The steam dragon bites you but does no damage.
The steam dragon closely misses you.
You hit the steam dragon. You freeze the steam dragon.
The steam dragon is severely wounded.
The steam dragon bites you.
* * * LOW HITPOINT WARNING * * *
The steam dragon barely misses you.
You slice the steam dragon!! You freeze the steam dragon.
You kill the steam dragon!
Okawaru accepts your kill.
You slice the orc wizard!! You freeze the orc wizard.
You kill the orc wizard!
Okawaru accepts your kill.
You completely miss the cyclops. The cyclops barely misses you.
You slice the cyclops!! You freeze the cyclops.
The cyclops is heavily wounded.
The cyclops hits you!
You die...

##.........#####
.'..<......# #.#
##.........# #.#
.......###.# #..
# ########
#.#####.# .#
#....##.# ..##
####.##.##....#
#.##.C{..._#
#...@#{ ##.#.#
#.#.# #...#
###.# #.. #...
#####


You could see a cyclops.

Vanquished Creatures
  A two-headed ogre (D:9)
  A manticore (D:9)
  Maggie (D:6)
  Prince Ribbit (D:8)
  Grinder (D:6)
  Sigmund (D:2)
  9 yaks (D:9)
  A wyvern (D:9)
  2 steam dragons
  6 water moccasins
  An ice beast (D:7)
  4 black bears
  4 ogres
  3 centaurs
  2 phantoms (D:5)
  Blork the orc (D:6)
  3 kobold brigands
  4 bullfrogs
  A necrophage (D:5)
  5 water moccasin zombies (Ossuary)
  3 scorpions
  8 wights
  9 killer bees
  2 howler monkeys
  2 jellies
  8 hounds
  Crazy Yiuf (D:3)
  An orc priest (D:8)
  3 gnoll boudas
  An iguana (D:5)
  6 orc wizards
  2 mummies (Ossuary)
  8 gnolls
  8 adders
  A shadow imp (D:3)
  A white imp (D:5)
  An ufetubus (D:7)
  2 adder zombies (Ossuary)
  2 worms
  2 dart slugs
  19 orcs
  5 bats
  7 endoplasms
  3 giant cockroaches
  10 goblins
  24 hobgoblins
  6 jackals
  2 quokkas
  10 ball pythons
  2 frilled lizards
  3 gnoll zombies (Ossuary)
  8 hobgoblin zombies (Ossuary)
  11 kobolds
  6 kobold zombies (Ossuary)
  5 orc zombies (Ossuary)
  5 rats
249 creatures vanquished.

Vanquished Creatures (others)
  A black bear (D:8)
  A human (D:5)
  11 demonic plants (D:2)
  45 fungi
  87 plants
  7 withered plants (D:2)
152 creatures vanquished.

Grand Total: 401 creatures vanquished

Notes
Turn   | Place    | Note
-------+----------+-------------------------------------------
     0 | D:1      | bande the Gargoyle Fighter began the quest for the Orb.
     0 | D:1      | Reached XP level 1. HP: 14/14 MP: 1/1
    65 | D:1      | Reached XP level 2. HP: 18/19 MP: 2/2
   131 | D:1      | Reached skill level 2 in Axes
   420 | D:1      | Reached XP level 3. HP: 24/24 MP: 3/3
   662 | D:1      | Found Jocol Mashu's Magic Scroll Shop.
  1250 | D:2      | Reached XP level 4. HP: 28/29 MP: 4/4
  1281 | D:2      | Noticed Sigmund
  1293 | D:2      | Killed Sigmund
  1294 | D:2      | Reached skill level 4 in Axes
  1294 | D:2      | Reached XP level 5. HP: 23/33 MP: 5/5
  1589 | D:2      | Found a faded altar of an unknown god.
  1602 | D:2      | Reached XP level 6. HP: 37/38 MP: 6/6
  1885 | D:3      | Found a shadowy altar of Dithmenos.
  2573 | D:3      | Found a runed translucent door.
  2574 | D:3      | Noticed Crazy Yiuf
  2795 | D:3      | Killed Crazy Yiuf
  2981 | D:4      | Reached skill level 5 in Axes
  2998 | D:4      | Reached XP level 7. HP: 41/44 MP: 7/7
  3178 | D:4      | Found a sand-covered staircase.
  3195 | Ossuary  | Entered an ossuary
  3276 | Ossuary  | Reached skill level 1 in Evocations
  3347 | Ossuary  | Reached skill level 6 in Axes
  3428 | Ossuary  | Reached skill level 5 in Fighting
  3785 | D:4      | Found a sparkling altar of Nemelex Xobeh.
  3848 | D:4      | Reached XP level 8. HP: 49/49 MP: 8/8
  4169 | D:4      | Gained mutation: Your magical capacity is low. (-10% MP)
                  | [potion of mutation]
  4170 | D:4      | Lost mutation: Your magical capacity is low. (-10% MP)
                  | [potion of mutation]
  4170 | D:4      | Gained mutation: You have a pair of small antennae on your
                  | head. [potion of mutation]
  4170 | D:4      | Gained mutation: You have hidden genetic potential. [potion
                  | of mutation]
  4200 | D:5      | Entered Level 5 of the Dungeon
  4230 | D:5      | Found a transporter.
  4235 | D:5      | Noticed demibob's ghost (novice DsGl)
  4237 | D:5      | Found a transporter.
  4237 | D:5      | Identified the +5 giant spiked club of Oenomania {venom,
                  | Str+3 Int-2 Dex+4 SInv}
  4433 | D:5      | Found a staircase to the Ecumenical Temple.
  4437 | Temple   | Entered the Ecumenical Temple
  4541 | D:5      | Found an ancient bone altar of Kikubaaqudgha.
  4636 | D:5      | Noticed a wyvern
  4712 | D:5      | Reached skill level 7 in Axes
  4869 | D:5      | Reached skill level 5 in Armour
  5214 | D:5      | Reached XP level 9. HP: 55/55 MP: 9/9
  5365 | D:6      | Reached skill level 8 in Axes
  5370 | D:6      | Gained mutation: Your large and strong wings let you fly.
                  | [hidden potential]
  5388 | D:6      | Noticed Maggie
  5409 | D:6      | Killed Maggie
  5645 | D:6      | Got the Treatise on Teratogeny
  5797 | D:6      | Noticed Grinder
  5807 | D:6      | Paralysed by Grinder for 5 turns
  5818 | D:6      | Paralysed by Grinder for 3 turns
  5841 | D:6      | Paralysed by Grinder for 3 turns
  5853 | D:6      | Killed Grinder
  5906 | D:6      | Reached skill level 9 in Axes
  5993 | D:6      | Reached skill level 5 in Shields
  6098 | D:6      | Noticed Blork the orc
  6112 | D:6      | Killed Blork the orc
  6502 | D:7      | Found a shimmering blue altar of Sif Muna.
  6682 | D:7      | HP: 2/56 [gnoll/+0 halberd (9)]
  7170 | D:8      | Reached XP level 10. HP: 52/61 MP: 10/10
  7297 | D:8      | Noticed Prince Ribbit
  7315 | D:8      | Killed Prince Ribbit
  7324 | D:8      | Gained mutation: You have a pair of antennae on your head.
                  | [hidden potential]
  7324 | D:8      | Lost mutation: You have hidden genetic potential. [hidden
                  | potential expressed]
  7437 | D:8      | Found a glowing golden altar of the Shining One.
  7888 | D:8      | Found a stormy altar of Qazlal.
  8118 | D:7      | Found a radiant altar of Vehumet.
  8141 | D:7      | Found an iron altar of Okawaru.
  8232 | D:7      | Became a worshipper of Warmaster Okawaru
  8276 | D:7      | Identified a scroll of acquirement
  8276 | D:7      | Acquired the +10 executioner's axe "Hompaf" {freeze, Dex+3
                  | Stlth+}
  8397 | D:7      | Found Nijugh's Overcharged Wands.
  8998 | D:9      | Reached skill level 1 in Invocations
  9014 | D:9      | Reached skill level 10 in Axes
  9024 | D:9      | Reached * piety under Okawaru
  9025 | D:9      | Reached skill level 5 in Evocations
  9058 | D:9      | Found a staircase to the Lair.
  9168 | D:9      | Found a basalt altar of Yredelemnul.
  9211 | D:9      | Found a blossoming altar of Fedhas.
  9236 | D:9      | Reached ** piety under Okawaru
  9433 | D:9      | Reached XP level 11. HP: 43/67 MP: 13/13
  9595 | D:9      | Noticed a two-headed ogre
  9596 | D:9      | Noticed a manticore
  9596 | D:9      | Noticed a cyclops
  9597 | D:9      | Found a hazy altar of Hepliaklqana.
  9601 | D:9      | Killed a two-headed ogre
  9602 | D:9      | Reached skill level 11 in Axes
  9603 | D:9      | Killed a manticore
  9603 | D:9      | Reached *** piety under Okawaru
  9609 | D:9      | HP: 3/68 [steam dragon (6)]
  9613 | D:9      | Slain by a cyclops

Illustrated notes

Levels and vault maps discovered:
D:1:      giann_wishing_wells, layout_loops_ring, serial_shops,
          nicolae_lakefront_shop
D:2:      layout_basic, shapermc_ecumenical_altar_gd, uniq_sigmund
D:3:      minmay_angry_zag, layout_loops_ring, mainiacjoe_overflow_24_doors,
          uniq_crazy_yiuf_cottage
D:4:      dreamdust_elfheim, layout_rooms, nemelex_altar_shiori, enter_ossuary_1
D:5:      layout_basic, tgw_kikubaaqudgha, temple_hall_moat,
          gammafunk_ghost_smash, lightli_corner_chamber
D:6:      black_bear_nest_2, layout_basic, uniq_blork_the_orc, uniq_maggie,
          uniq_grinder
D:7:      kennysheep_housing_project, layout_loops_cross, old_standard_altar,
          mainiacjoe_overflow_tiny_flanked,
          mainiacjoe_overflow_concentric_impassable,
          nicolae_shop_overcharged_wands
D:8:      layout_loops_corners, nicolae_qazlal_scattered_showers,
          nicolae_tso_swordbearing_angel, uniq_prince_ribbit1
D:9:      layout_basic, nicolae_overflow_crystal_walls,
          nicolae_overflow_quartered_altars, due_lair_maze_entry_diamond,
          minmay_ruined_shrine, uniq_psyche
Temple:   hellmonk_temple_two_chambers

Skill      XL: |  1  2  3  4  5  6  7  8  9 10 11 |
---------------+----------------------------------+-----
Axes           | 2 4 5 6 7 9 10 11 | 11.1
Fighting       | 4 5 6 7 |  7.8
Armour         | 4 5 6 7 |  7.1
Shields        | 4 5 6 |  6.0
Evocations     | 1 3 4 5 |  5.8
Invocations    | 3 |  3.7
Stealth        | |  0.3

Action                     |  1- 3 |  4- 6 |  7- 9 | 10-12 || total
---------------------------+-------+-------+-------+-------++-------
  Melee: War axe           |    97 |   119 |   481 |    82 ||   779
         Executioner's axe |       |       |       |    87 ||    87
    Use: Potion            |       |     1 |     3 |       ||     4
         Scroll            |       |    12 |     7 |     5 ||    24
 Armour: Scale mail        |    37 |       |       |       ||    37
         Chain mail        |    39 |    64 |   374 |    78 ||   555
         Plate armour      |       |       |       |   119 ||   119
  Dodge: Dodged            |    47 |    38 |   178 |    61 ||   324
  Block: Buckler           |    31 |    21 |   108 |    37 ||   197

Table legend: (Time is in decaauts)
 A = Elapsed time spent in this place.
 B = Non-inter-level travel time spent in this place.
 C = Inter-level travel time spent in this place.
 D = Time resting spent in this place.
 E = Time spent auto-exploring this place.
 F = Levels seen in this place.
 G = Mean time per level.
                   A        B        C        D        E       F      G
               +--------+--------+--------+--------+--------+-----+--------+
         Total |   9818 |   9444 |    374 |   1895 |   5362 |  11 |  892.5 |
       Dungeon |   9181 |   8807 |    374 |   1604 |   5230 |   9 | 1020.1 |
        Temple |     49 |     49 |      0 |      0 |     11 |   1 |   49.0 |
       Ossuary |    587 |    587 |      0 |    291 |    121 |   1 |  587.0 |
               +--------+--------+--------+--------+--------+-----+--------+

Top non-repeatable levels by time:
     D:8: 1686 daAuts
     D:3: 1277 daAuts
     D:6: 1157 daAuts
     D:5: 1087 daAuts
     D:1: 996 daAuts
     D:7: 827 daAuts
     D:2: 784 daAuts
     D:4: 684 daAuts
     D:9: 679 daAuts
 Ossuary: 587 daAuts
  Temple: 49 daAuts
